 Dungeon Crawl Stone Soup version 0.27.0-1-g7a089689b8 (webtiles) character file.

Game seed: 16517330404636277373

1 Brandom the Caller (level 1, 0/13 HPs)
             Began as a Merfolk Summoner on Aug 11, 2021.
             Frozen to death by an endoplasm (1 damage)
             ... on level 1 of the Dungeon.
             The game lasted 00:00:42 (52 turns).

Brandom the Caller (Merfolk Summoner)                 Turns: 52, Time: 00:00:43

Health: 0/13       AC:  2    Str:  8    XL:     1   Next: 20%
Magic:  0/3        EV: 12    Int: 14    God:
Gold:   0          SH:  0    Dex: 14    Spells: 3/4 levels left

rFire    . . .     SeeInvis .   (no weapon)
rCold    . . .     Faith    .   (no shield)
rNeg     . . .     Spirit   .   a - +0 robe
rPois    .         Reflect  .   (no helmet)
rElec    .         Harm     .   (no cloak)
rCorr    .         Rampage  .   (no gloves)
Will     .....                  (no boots)
Stlth    ++........             (no amulet)
HPRegen  0.04/turn              (no ring)
MPRegen  0.08/turn              (no ring)

@: no status effects
A: (nimble swimmer 2), mertail
a: no special abilities


You were on level 1 of the Dungeon.
You visited 1 branch of the dungeon, and saw 1 of its levels.

Inventory:

Armour
 a - a +0 robe (worn)
Scrolls
 b - a scroll of identify {unknown}


   Skills:
 + Level 0.1 Fighting
 + Level 2.7 Dodging
 - Level 2.1 Stealth
 - Level 2.0 Spellcasting
 + Level 4.0 Summonings


You had 3 spell levels left.
You knew the following spells:

 Your Spells              Type           Power      Damage    Failure   Level
a - Summon Small Mammal   Summ           48%        N/A       4%          1

Your spell library contained the following spells:

 Spells                   Type           Power      Damage    Failure   Level
 Call Imp                 Summ           12%        N/A       7%          2
 Call Canine Familiar     Summ           12%        N/A       14%         3
 Summon Guardian Golem    Hex/Summ       7%         N/A       30%         3
 Summon Lightning Spire   Summ/Air       7%         N/A       71%         4


Dungeon Overview and Level Annotations

Branches:
Dungeon (1/15)

Altars:


Innate Abilities, Weirdness & Mutations

((You are quick and stealthy near water. (Stealth+, EV+, Speed+++)))
Your lower body shifts to a powerful aquatic tail in water.


Message History

Unknown command.
Your bat hits the endoplasm. x2
The endoplasm freezes your bat.
Your bat is frozen.
Your bat dies!
Your bat's corpse disappears in a puff of smoke!
The endoplasm closely misses you.
The endoplasm quivers.
Unknown command.
Unknown command.
You hit the endoplasm. The endoplasm freezes you.
You are frozen.
The endoplasm closely misses you.
Unknown command.
Unknown command.
You hit the endoplasm but do no damage. The endoplasm hits you.
* * * LOW HITPOINT WARNING * * *
The endoplasm misses you.
Unknown command.
Unknown command.
Unknown command.
The endoplasm freezes you.
You are frozen.
* * * LOW HITPOINT WARNING * * *
The endoplasm barely misses you.
Unknown command.
Your bat hits the endoplasm.
Your bat barely misses the endoplasm.
The endoplasm barely misses you. The endoplasm freezes you.
You are frozen.
* * * LOW HITPOINT WARNING * * *
Your bat hits the endoplasm but does no damage.
Your bat hits the endoplasm.
Your bat hits the endoplasm but does no damage.
The endoplasm hits your bat.
Your bat hits the endoplasm but does no damage. x2
Your bat barely misses the endoplasm.
The endoplasm barely misses your bat.
You barely miss the endoplasm. Your bat hits the endoplasm.
Your bat hits the endoplasm but does no damage.
The endoplasm hits you.
* * * LOW HITPOINT WARNING * * *
The endoplasm hits you.
* * * LOW HITPOINT WARNING * * *
Your bat hits the endoplasm.
Your bat hits the endoplasm but does no damage.
Your bat hits the endoplasm.
The endoplasm dies!
The endoplasm freezes you.
You are frozen.
You die...

#####################
#<.#..#.##...##.....#.
##..##..#.##....#.†).#
#..#..#.#...#....##....#
###.#.###.#.......#......
##.#...#.b#J.b#...#....
######.#.@.#..##.##...
##.#..##.........
#.##......##..... #.
..#...... .. .
#...#..##.. ..#. .#..#..
#.. # ##..... .#. .#


You could see an endoplasm (ally target) and 2 friendly bats.

Vanquished Creatures (collateral kills)
  An endoplasm (D:1)
  A goblin (D:1)
  A quokka (D:1)
3 creatures vanquished.

Notes
Turn   | Place    | Note
-------+----------+-------------------------------------------
     0 | D:1      | Brandom the Merfolk Summoner began the quest for the Orb.
     0 | D:1      | Reached XP level 1. HP: 13/13 MP: 3/3
    52 | D:1      | Frozen to death by an endoplasm

Illustrated notes

Levels and vault maps discovered:
D:1:      erik_arrival_cave_to_civilisation [erik_arrival_cave_to_temple],
          layout_rooms

Action                   || total
-------------------------++-------
Melee: Unarmed           ||    14
 Cast: Summon Small Mamm ||     5
Armor: Robe              ||     2
Dodge: Dodged            ||    14
